AoeStats
← TIMVP

Pilgrims

509665313Analyzed
2v2 RM · 4d ago on Sep 27, 2026· 42m 47s· 4 players
Game mode
Random Map
Map size
Medium (4 player)
Population
200
Speed
Normal
Resources
Standard
Victory
Conquest
Starting age
Dark Age
Ending age
Imperial Age
RankedLock teamsTeams togetherTeam positionsShared explorationLock speedFull tech treeHidden civsTurbo modeCheats
Victory
Defeat
🇸🇰 Italians · Slovakia
830
+14
🇸🇰 Dravidians · Slovakia
829
+14
🇵🇪 Danes · Peru
787
-14
🇵🇪 Koreans · Peru
777
-14
TIMVP
3:54 Loom
11:02 Feudal Age
12:48 Wheelbarrow
11:59 Double-Bit Axe
12:18 Fishing Lines
20:54 Castle Age
18:49 Horse Collar
19:34 Gold Mining
22:31 Bow Saw
24:58 Gold Shaft Mining
29:59 Heavy Plow
30:31 Squires
35:58 Imperial Age
32:58 Hamask
34:31 Scale Mail Armor
35:52 Thumb Ring
35:09 Elite Skirmisher
35:16 Pikeman
38:50 Chain Mail Armor
38:38 Padded Archer Armor
38:29 Fletching
38:12 Halberdier
41:04 Hand Cart
43:06 Bodkin Arrow
A†ilA
13:01 Feudal Age
15:45 Fishing Lines
19:47 Double-Bit Axe
19:45 Horse Collar
23:43 Wheelbarrow
27:33 Castle Age
29:35 Thumb Ring
28:51 Crossbowman
28:56 Elite Skirmisher
29:00 Pikeman
29:41 Squires
29:24 Crossbowman
31:31 Fletching
31:53 Forging
31:44 Scale Mail Armor
39:42 Imperial Age
37:31 Hand Cart
Terárko
8:26 Loom
10:22 Feudal Age
11:05 Fishing Lines
14:02 Wheelbarrow
16:39 Castle Age
15:55 Double-Bit Axe
20:10 Fishing Lines
20:02 Light Cavalry
20:55 Forging
20:51 Scale Barding Armor
21:54 Crossbowman
23:57 Gillnets
24:21 Medium Warships
25:18 Bow Saw
24:55 Horse Collar
26:00 Hand Cart
27:19 Ballistics
31:23 Imperial Age
29:25 Fletching
29:36 Padded Archer Armor
29:37 Scale Mail Armor
31:24 Thumb Ring
33:48 Two-Man Saw
32:39 Pikeman
33:04 Gambesons
32:41 Man-at-Arms
33:39 Heavy Plow
33:15 Arbalester
34:54 Bodkin Arrow
35:14 Leather Archer Armor
35:35 Iron Casting
36:36 Long Swordsman
36:37 Halberdier
37:22 Squires
37:55 Conscription
37:39 Two-Handed Swordsman
39:44 Wootz Steel
38:45 Elite Urumi Swordsman
40:08 Ring Archer Armor
40:06 Siege Elephant
40:53 Champion
42:44 Chemistry
41:41 Murder Holes
41:36 Champion
XxTatarkaxX
9:08 Loom
12:46 Feudal Age
13:55 Double-Bit Axe
16:51 Wheelbarrow
16:03 Town Watch
17:17 Gold Mining
19:31 Castle Age
17:51 Stone Mining
19:07 Fishing Lines
24:17 Bow Saw
27:43 Imperial Age
27:15 Stone Shaft Mining
29:40 Conscription
31:33 Hand Cart
31:54 Fletching
32:04 Padded Archer Armor
32:38 Bodkin Arrow
33:48 Chemistry
33:08 Ballistics
32:30 Treadmill Crane
33:10 Town Patrol
33:20 Gillnets
33:47 Clinker Construction
34:24 Silk Road
35:45 Elite Skirmisher
37:18 Elite Genoese Crossbowman
40:02 Horse Collar
41:28 Two-Man Saw
Connection lost

Rejoining the realm…

Still unreachable

The connection could not be restored.

Session expired

The server has moved on; the page needs a fresh start.